 Dungeon Crawl Stone Soup version 0.26.1-11-gd32895ea62 (webtiles) character file.

Game seed: 14745355967687539651

146 phalm the Conjurer (level 5, 38/38 HPs)
             Began as a Demonspawn Conjurer on June 24, 2021.
             Quit the game on level 4 of the Dungeon.
             The game lasted 00:04:52 (2565 turns).

phalm the Conjurer (Demonspawn Conjurer)            Turns: 2565, Time: 00:04:53

Health: 38/38      AC:  4    Str:  7    XL:     5   Next: 7%
Magic:  3/9        EV: 12    Int: 21    God:
Gold:   133        SH:  0    Dex: 11    Spells: 2/9 levels left

rFire    . . .     SeeInvis .   B - +1 mace (protect)
rCold    . . .     Faith    .   (no shield)
rNeg     . . .     Spirit   .   d - +0 robe
rPois    .         Reflect  .   (no helmet)
rElec    .         Harm     .   A - +0 cloak
rCorr    +         Rampage  .   (no gloves)
Will     .....                  (no boots)
Stlth    ++........             (no amulet)
HPRegen  0.12/turn              R - ring of resist corrosion
MPRegen  0.11/turn              (no ring)

@: no status effects
A: claws 1, demonic guardian 1, sharp scales 1
a: no special abilities


You were on level 4 of the Dungeon.
You visited 1 branch of the dungeon, and saw 5 of its levels.

You collected 133 gold pieces.


Innate Abilities, Weirdness & Mutations

You have sharp fingernails.
A weak demonic guardian rushes to your aid.
You are partially covered in razor-sharp scales. (AC +1, Slay +1)


   Skills:
 + Level 2.0 Fighting
 - Level 1.7 Dodging
 - Level 1.7 Stealth
 + Level 2.8 Spellcasting
 + Level 5.1 Conjurations
 * Level 1.3 Translocations


You had 2 spell levels left.
You knew the following spells:

 Your Spells              Type           Power        Failure   Level
m - Magic Dart            Conj           96%          1%          1
s - Searing Ray           Conj           48%          2%          2
X - Iskenderun's Mystic   Conj/Tloc      16%          34%         4

Your spell library contained the following spells:

 Spells                   Type           Power        Failure   Level
 Dazzling Flash           Conj/Hex       26%          14%         3
 Fulminant Prism          Conj/Hex       6%           43%         4

Inventory:

Hand Weapons
 a - a +1 dagger of draining
   (You took it off a goblin on level 1 of the Dungeon)
 b - a +0 hunting sling
   (You found it on level 1 of the Dungeon)
 l - a +0 whip
   (You found it on level 1 of the Dungeon)
 m - a +0 dagger
   (You took it off a goblin on level 1 of the Dungeon)
 B - a +1 mace of protection (weapon)
   (You found it on level 2 of the Dungeon)
Missiles
 c - 157 stones
 o - 30 arrows
 p - 3 curare-tipped darts {=f}
 q - 21 poisoned darts
 s - 29 sling bullets
 y - 3 boomerangs
Armour
 d - a +0 robe (worn)
 e - a +0 ring mail
   (You found it on level 1 of the Dungeon)
 u - a +0 ring mail
   (You found it on level 2 of the Dungeon)
 A - a +0 cloak (worn)
   (You took it off Crazy Yiuf on level 2 of the Dungeon)
Jewellery
 i - an uncursed amulet of inaccuracy
   (You found it on level 1 of the Dungeon)
 R - a ring of resist corrosion (left claw)
   (You found it on level 2 of the Dungeon)
Scrolls
 j - 3 scrolls of identify {@r1}
 n - a scroll of blinking {!r}
 v - a scroll of enchant weapon
 w - a scroll of teleportation {@r4}
Potions
 f - 2 potions of ambrosia {unknown}
 g - a potion of flight {unknown}
 h - 2 potions of haste {unknown}
 k - 3 potions of degeneration {unknown}
 r - 2 potions of mutation {unknown}
 t - 3 potions of brilliance {unknown}
 x - 3 potions of lignification {unknown}
 z - a potion of heal wounds {unknown}

Dungeon Overview and Level Annotations

Branches:
Dungeon (5/15)
 Temple: D:4-7

Altars:
Uskayaw

...########.######.#.#
.................>.#.#
.######.#.#.#......#.###
#...........#.#.......
#.##....#.#.#.#..#.#.#
#.##....#.[.#....#.#.#
#.......##..#.###....#
#####.#.##..... ######
#@...#.##.# #.#..#....#
#†#..### # #.. ... #.#
#.## ..# .# #.# # ...


There were no monsters in sight!


Message History

The magic dart hits the adder.
You kill the adder!
Your Translocations skill increases to level 1! 😎 MP[-1]
You lost 1 mp, and now have 2/8 mp.
Casting: Magic Dart (safe; 1% risk of failure)
Confirm with . or Enter, or press ? or * to list all spells.
You can't see any susceptible monsters within range! (Use Z to cast anyway.)
You see here an adder corpse.
Found a stone staircase leading up. 😎 MP[+6]
Your mp is fully restored (8).
Found a hide-covered altar of Uskayaw.
Casting: Magic Dart (safe; 1% risk of failure)
Confirm with . or Enter, or press ? or * to list all spells.
You can't see any susceptible monsters within range! (Use Z to cast anyway.)
A quokka comes into view.
Casting: Magic Dart (safe; 1% risk of failure)
Confirm with . or Enter, or press ? or * to list all spells.
Aiming: Magic Dart (safe; 1% risk of failure)
Press: ? - help, Shift-Dir - straight line, f - quokka
Aim: a quokka (0% to evade)
The magic dart hits the quokka but does no damage. 😎 MP[-1]
You lost 1 mp, and now have 7/8 mp.
Casting: Magic Dart (safe; 1% risk of failure)
Confirm with . or Enter, or press ? or * to list all spells.
Aiming: Magic Dart (safe; 1% risk of failure)
Press: ? - help, Shift-Dir - straight line, f/p - quokka
Aim: a quokka (0% to evade)
The magic dart hits the quokka. 😎 MP[-1]
You lost 1 mp, and now have 6/8 mp.
A quokka is nearby!
Casting: Magic Dart (safe; 1% risk of failure)
Confirm with . or Enter, or press ? or * to list all spells.
Aiming: Magic Dart (safe; 1% risk of failure)
Press: ? - help, Shift-Dir - straight line, f/p - quokka
Aim: a quokka (almost dead, 0% to evade)
The magic dart hits the quokka.
You kill the quokka! 😎 MP[-1]
You lost 1 mp, and now have 5/8 mp.
Found an escape hatch in the ceiling. 😎 MP[+3]
Your mp is fully restored (8).
There is an escape hatch in the ceiling here.
You fall into a shaft and drop 2 floors!
The shaft crumbles and collapses.
j - 3 scrolls of identify {@r1} (gained 1) Unknown command.
Found a stone staircase leading up.
(D) Dungeon
Where to? (Enter - D:3, ? - help)
A hound comes into view.
The hound barks!
Found a stone staircase leading down.
There is a stone staircase leading up here.
You climb upwards.
There is a stone staircase leading down here.
You now have 119 gold pieces (gained 8).
You now have 133 gold pieces (gained 14).
A hound comes into view.
Casting: Magic Dart (safe; 1% risk of failure)
Confirm with . or Enter, or press ? or * to list all spells.
Aiming: Magic Dart (safe; 1% risk of failure)
Press: ? - help, Shift-Dir - straight line, f - hound
Aim: a hound (asleep, 0% to evade)
The magic dart hits the hound. 😎 MP[-1]
You lost 1 mp, and now have 7/8 mp.
Casting: Magic Dart (safe; 1% risk of failure)
Confirm with . or Enter, or press ? or * to list all spells.
Aiming: Magic Dart (safe; 1% risk of failure)
Press: ? - help, Shift-Dir - straight line, f/p - hound
Aim: a hound (lightly wounded, 0% to evade)
The magic dart hits the hound. 😎 MP[-1]
You lost 1 mp, and now have 6/8 mp.
Casting: Magic Dart (safe; 1% risk of failure)
Confirm with . or Enter, or press ? or * to list all spells.
You can't see any susceptible monsters within range! (Use Z to cast anyway.)
Casting: Magic Dart (safe; 1% risk of failure)
Confirm with . or Enter, or press ? or * to list all spells.
Aiming: Searing Ray (safe; 2% risk of failure)
Press: ? - help, Shift-Dir - straight line, f/p - hound
Aim: a hound (moderately wounded, 29% to evade)
The searing ray hits the hound. (Press . to maintain the ray.) 😎 MP[-2]
You lost 2 mp, and now have 4/8 mp.
The searing ray hits the hound!
You kill the hound!
Your Fighting skill increases to level 2!
You have reached level 5!
Your demonic ancestry asserts itself...
You feel the presence of a demonic guardian. 😎 HP[+5] MP[-1]
You now have 38 max hp (+5).
Your hp is fully restored (38).
Are you sure you want to abandon this character and quit the game? (Confirm with "yes".)

Skill      XL: |  1  2  3  4 |
---------------+-------------+-----
Fighting       | 1 2 |  2.0
Conjurations   | 5 |  5.1
Translocations | 1 |  1.3
Dodging        | |  1.7
Stealth        | |  1.7
Spellcasting   | |  2.8

Action                   |  1- 3 |  4- 6 || total
-------------------------+-------+-------++-------
Melee: Whip              |     2 |       ||     2
       Dagger            |     8 |       ||     8
       Mace              |       |     1 ||     1
 Fire: Hunting sling     |    18 |       ||    18
 Cast: Magic Dart        |    65 |    21 ||    86
       Searing Ray       |     5 |     4 ||     9
  Use: Scroll            |     4 |     2 ||     6
Armor: Ring mail         |     9 |       ||     9
       Robe              |       |     1 ||     1
Dodge: Dodged            |    10 |     3 ||    13

Levels and vault maps discovered:
D:1:      arrival_aquarium_a, layout_rooms
D:2:      layout_rooms, uniq_crazy_yiuf_cottage
D:3:      layout_loops_cross, overflow_temple_1_default, st_stairs_1
D:4:      layout_basic, serial_shops, nicolae_shop_crystal
D:5:      layout_basic, kennysheep_dice, uniq_eustachio

Notes
Turn   | Place    | Note
-------+----------+-------------------------------------------
     0 | D:1      | phalm the Demonspawn Conjurer began the quest for the Orb.
     0 | D:1      | Reached XP level 1. HP: 13/13 MP: 3/3
     0 | D:1      | magus.rc [v1.9.10]
    31 | D:1      | Noticed an electric eel
   236 | D:1      | Gained mutation: You have sharp fingernails. [demonic
                  | ancestry]
   236 | D:1      | Reached XP level 2. HP: 20/20 MP: 5/5
   294 | D:1      | Learned a level 2 spell: Searing Ray
   919 | D:2      | Reached skill level 1 in Fighting
  1099 | D:2      | Reached XP level 3. HP: 26/26 MP: 2/6
  1659 | D:2      | Gained mutation: You are partially covered in razor-sharp
                  | scales. (AC +1, Slay +1) [demonic ancestry]
  1659 | D:2      | Reached XP level 4. HP: 32/32 MP: 4/7
  1664 | D:2      | Learned a level 4 spell: Iskenderun's Mystic Blast
  1887 | D:2      | Found a runed translucent door.
  1888 | D:2      | Noticed Crazy Yiuf
  1896 | D:2      | Killed Crazy Yiuf
  1897 | D:2      | Reached skill level 5 in Conjurations
  2392 | D:3      | Reached skill level 1 in Translocations
  2443 | D:3      | Found a hide-covered altar of Uskayaw.
  2511 | D:3      | You fall into a shaft and drop 2 floors!
  2511 | D:5      | Entered Level 5 of the Dungeon
  2565 | D:4      | Reached skill level 2 in Fighting
  2565 | D:4      | Gained mutation: A weak demonic guardian rushes to your
                  | aid. [demonic ancestry]
  2565 | D:4      | Reached XP level 5. HP: 38/38 MP: 3/9
  2565 | D:4      | Quit the game

Vanquished Creatures
  A hound (D:4)
  Crazy Yiuf (D:2)
  3 adders
  An ooze (D:2)
  3 worms
  4 leopard geckos
  A giant cockroach (D:1)
  7 hobgoblins
  2 jackals (D:2)
  2 kobolds (D:1)
  2 quokkas
  9 bats
  3 frilled lizards
  3 goblins
  5 rats
47 creatures vanquished.

Table legend:
 A = Non-vault XP
 B = Vault XP
 C = Vault XP percentage of total XP
 D = Non-vault monster count
 E = Vault monster count
 F = Vault count percentage of total count
                 A         B        C        D         E       F
            +---------+---------+-------+---------+---------+-------
      Total |     168 |      41 |  19.6 |      46 |       1 |   2.1
            +---------+---------+-------+---------+---------+-------
        D:1 |      26 |       0 |   0.0 |      16 |       0 |   0.0
        D:2 |      74 |      41 |  35.7 |      22 |       1 |   4.3
        D:3 |      26 |       0 |   0.0 |       7 |       0 |   0.0
        D:4 |      42 |       0 |   0.0 |       1 |       0 |   0.0
            +---------+---------+-------+---------+---------+-------

Illustrated notes

Table legend:
 A = Kills in this place as a percentage of kills in entire the game.
 B = Kills by you in this place as a percentage of kills by you in the entire game.
 C = Kills by friends in this place as a percentage of kills by friends in the entire game.
 D = Other kills in this place as a percentage of other kills in the entire game.
 E = Experience gained in this place as a percentage of experience gained in the entire game.
 F = Experience gained in this place divided by the number of levels of this place that you have seen.
                   A       B       C       D       E      F
               +-------+-------+-------+-------+-------+----------------------
         Total | 100.0 | 100.0 |   N/A |   N/A | 100.0 |  41.8
       Dungeon | 100.0 | 100.0 |   N/A |   N/A | 100.0 |  41.8
               +-------+-------+-------+-------+-------+----------------------

Table legend: (Time is in decaauts)
 A = Elapsed time spent in this place.
 B = Non-inter-level travel time spent in this place.
 C = Inter-level travel time spent in this place.
 D = Time resting spent in this place.
 E = Time spent auto-exploring this place.
 F = Levels seen in this place.
 G = Mean time per level.
                   A        B        C        D        E       F      G
               +--------+--------+--------+--------+--------+-----+--------+
         Total |   2557 |   2515 |     42 |      0 |   2133 |   5 |  511.4 |
       Dungeon |   2557 |   2515 |     42 |      0 |   2133 |   5 |  511.4 |
               +--------+--------+--------+--------+--------+-----+--------+

Top non-repeatable levels by time:
     D:2: 1321 daAuts
     D:1: 833 daAuts
     D:3: 349 daAuts
     D:4: 39 daAuts
     D:5: 13 daAuts
